 Dungeon Crawl Stone Soup version 0.32-a0-814-g0968bab981 (webtiles) character file.

Game seed: 5786689964324797408

426 warriortoast the Sneak (level 6, -7/42 HPs)
             Began as an Octopode Shapeshifter on Mar 22, 2024.
             Mangled by an ogre
             ... wielding a +0 giant club
              (9 damage)
             ... on level 4 of the Dungeon.
             The game lasted 00:06:27 (3887 turns).

warriortoast the Sneak (Octopode Shapeshifter)      Turns: 3887, Time: 00:06:27

Health: -7/42      AC:  1    Str: 16    XL:     6   Next: 97%
Magic:  6/6        EV: 12    Int: 12    God:
Gold:   113        SH:  0    Dex: 11    Spells: 5/5 levels left

rFire   . .          .
                       - Unarmed
rCold   . . .        (no shield)
rNeg    . . .        (helmet currently unavailable)
rPois   .            (no amulet)
rElec   .            (no ring)
rCorr   .            (no ring)
SInv    .            (no ring)
Will    .....        (no ring)
Stlth   ++++         (no ring)
HPRegen 0.27/turn    (no ring)
MPRegen 0.10/turn    (no ring)
                     (no ring)

%: no passive effects
@: beast-form
A: beast (slay +2), almost no armour, amphibious, 8 rings, camouflage 1,
gelatinous body 1, (nimble swimmer 1), tentacles
a: Begin Untransformation


You were on level 4 of the Dungeon.
You were a hulking beast.
You visited 1 branch of the dungeon, and saw 4 of its levels.

You collected 201 gold pieces.
You spent 88 gold pieces at shops.

Inventory:

Missiles
 k - 6 javelins (quivered)
Talismans
 b - a beast talisman (active)
 c - a flux talisman
 p - a serpent talisman
Wands
 f - a wand of polymorph (10)
 h - a wand of flame (29)
Scrolls
 l - a scroll of enchant armour {unknown}
 n - a scroll of teleportation
 o - a scroll of identify
 q - a scroll of blinking
Potions
 a - a potion of lignification
 d - 4 potions of heal wounds
 g - a potion of brilliance
 i - 6 potions of curing
 j - 2 potions of haste {unknown}
 m - a potion of invisibility {unknown}
 r - a potion of enlightenment {unknown}


   Skills:
 + Level 3.4 Fighting
 - Level 2.0 Dodging
 + Level 4.6 Stealth
 + Level 4.5 Unarmed Combat
 + Level 4.3 Shapeshifting


You had 5 spell levels left.
You didn't know any spells.
Your spell library contained the following spells:

 Spells                   Type           Power      Damage    Failure   Level
 Ensorcelled Hibernation  Hex/Ice        0%         N/A       45%         2
 Passwall                 Erth           0%         N/A       69%         3
 Swiftness                Air            0%         N/A       69%         3


Dungeon Overview and Level Annotations

Branches:
Dungeon (4/15)
 Temple: D:4-7

Altars:
Makhleb
Qazlal

Shops:
D:2 !

Annotations:
D:4 exclusion: ogre, Edmund


Innate Abilities, Weirdness & Mutations

You are a hulking beast.
Your limbs bulge with bestial killing power. (Slay +2)
You cannot wear most types of armour.
You are amphibious.
You can wear up to eight rings at the same time.
Your skin changes colour to match your surroundings (Stealth+).
Your rubbery body absorbs attacks. (AC +1, EV +1)
((You are camouflaged when in or above water. (Stealth+)))
You have tentacles for arms and can constrict up to eight enemies at once.


Message History

a +0 hand axe; a +0 robe You start resting.
You feel a little less mighty now.
You start resting.
HP restored.
You now have 94 gold pieces (gained 14).
You now have 113 gold pieces (gained 19).
You open the large door.
An endoplasm comes into view.
There is a large open door here.
An endoplasm is nearby!
The helpless endoplasm fails to defend itself.
You tentacle-slap the endoplasm. You squeeze the endoplasm.
You kill the endoplasm!
No target in view!
There is a large open door here.
Found a burning altar of Makhleb.
Found a stormy altar of Qazlal.
Partly explored, can't reach some items and places.
No target in view!
No target in view!
The ogre shouts!
The ogre hits you with a +0 giant club!!
Ouch! That really hurt!
You are too injured to fight recklessly!
You are too injured to fight recklessly!
You barely miss the ogre. You tentacle-slap the ogre.
Your squeeze misses the ogre.
The ogre is lightly wounded.
The ogre hits you with a +0 giant club!
* * * LOW HITPOINT WARNING * * *
You bludgeon the ogre!
The ogre is moderately wounded.
You tentacle-slap the ogre.
The ogre is heavily wounded.
The ogre misses you.
You tentacle-slap the ogre.
The ogre is heavily wounded.
The ogre hits you with a +0 giant club!
You die...

######.......##......##...##=...O
....##.......##......##...##.....
....##.......##............#.)...
..........)...#............#.....
.....<.......(#............'.....
.............[#...........####'##
...###..##...###.....##...##.....
#'####..##...###.....##..........
...#............h....'...........
...#........)..O.....#...........
...#.................#....#######
...##...####..####...##...##.....
...##...####..####...##....#.....
...#......#..........#.....#.....
...#......#..........#.....#.....
...+<.....#..........'.....#.....
#####.....##...###...##....#.....


You could see an ogre.

Vanquished Creatures
  Eustachio (D:4)
  Blork the orc (D:4)
  Natasha (thrice) (D:3)
  Robin (D:2)
  3 adders
  3 dart slugs
  3 ribbon worms
  3 orcs
  9 bats
  9 endoplasms
  2 giant cockroaches (D:1)
  13 goblins
  10 hobgoblins
  5 quokkas
  8 ball pythons
  2 frilled lizards
  10 kobolds
  7 rats
93 creatures vanquished.

Notes
Turn   | Place    | Note
-------+----------+-------------------------------------------
     0 | D:1      | warriortoast the Octopode Shapeshifter began the quest for
                  | the Orb.
     0 | D:1      | Reached XP level 1. HP: 13/13 MP: 1/1
   346 | D:1      | Reached skill level 1 in Stealth
   346 | D:1      | Reached XP level 2. HP: 17/18 MP: 2/2
   664 | D:1      | Reached XP level 3. HP: 18/23 MP: 3/3
  1354 | D:2      | Found Viga's Distillery.
  1380 | D:2      | Reached XP level 4. HP: 16/29 MP: 4/4
  1481 | D:2      | Noticed Robin
  1588 | D:2      | Killed Robin
  1647 | D:2      | Bought a potion of heal wounds for 55 gold pieces
  1647 | D:2      | Bought a potion of curing for 33 gold pieces
  2164 | D:3      | Noticed Natasha
  2175 | D:3      | Killed Natasha
  2176 | D:3      | Reached XP level 5. HP: 4/35 MP: 5/5
  2917 | D:3      | Noticed Natasha
  2929 | D:3      | Killed Natasha
  2986 | D:3      | Noticed Natasha
  2993 | D:3      | Killed Natasha
  3218 | D:4      | Noticed an ogre
  3312 | D:4      | Noticed Edmund
  3703 | D:4      | Noticed Eustachio
  3715 | D:4      | Noticed Blork the orc
  3721 | D:4      | Killed Blork the orc
  3722 | D:4      | Reached XP level 6. HP: 33/42 MP: 6/6
  3724 | D:4      | Killed Eustachio
  3857 | D:4      | Found a burning altar of Makhleb.
  3860 | D:4      | Found a stormy altar of Qazlal.
  3884 | D:4      | HP: 1/42 [ogre/+0 giant club (17)]
  3887 | D:4      | Mangled by an ogre

Illustrated notes

Levels and vault maps discovered:
D:1:      dpeg_cavernosity, layout_loops_ring, minmay_misc_feat_roman
D:2:      layout_rooms, serial_shops, nicolae_shop_industrial_runoff, uniq_robin
D:3:      layout_rooms, chequers_serial_rivers_marsh, columned_hall_lemuel,
          st_stairs_11, minivault_11, uniq_natasha
D:4:      layout_gridville, chequers_temple_overflow_statue_of_worship,
          kennysheep_generic_room_4, uniq_blork_the_orc, uniq_eustachio,
          uniq_edmund

Skill      XL: |  1  2  3  4  5 |
---------------+----------------+-----
Stealth        | 1 2 3 4 |  4.6
Fighting       | 2 3 |  3.4
Unarmed Combat | 4 |  4.5
Shapeshifting  | 4 |  4.3
Dodging        | |  2.0

Action                     |  1- 3 |  4- 6 || total
---------------------------+-------+-------++-------
  Melee: Unarmed           |    66 |   109 ||   175
         Constrict         |    18 |    24 ||    42
         Tentacles         |    13 |    15 ||    28
         Punch             |     4 |     7 ||    11
    Use: Scroll            |       |     9 ||     9
         Potion            |       |     1 ||     1
   Stab: Sleeping          |     9 |    11 ||    20
         Distracted        |       |     1 ||     1
 Armour: Skin              |    22 |    70 ||    92
  Dodge: Dodged            |    37 |    32 ||    69

Table legend: (Time is in decaauts)
 A = Elapsed time spent in this place.
 B = Non-inter-level travel time spent in this place.
 C = Inter-level travel time spent in this place.
 D = Time resting spent in this place.
 E = Time spent auto-exploring this place.
 F = Levels seen in this place.
 G = Mean time per level.
                   A        B        C        D        E       F      G
               +--------+--------+--------+--------+--------+-----+--------+
         Total |   3874 |   3701 |    173 |    707 |   2308 |   4 |  968.5 |
       Dungeon |   3874 |   3701 |    173 |    707 |   2308 |   4 |  968.5 |
               +--------+--------+--------+--------+--------+-----+--------+

Top non-repeatable levels by time:
     D:2: 1248 daAuts
     D:1: 1074 daAuts
     D:4: 792 daAuts
     D:3: 760 daAuts
